 Dungeon Crawl Stone Soup version 0.25.1-2-g60ff931df9 (webtiles) character file.

Game seed: 12689475531903052143

59118 IcyTea the Ripper (level 14, -2/82 HPs)
             Began as a Felid Berserker on Oct 12, 2020.
             Was the Champion of Trog.
             Slain by an orc warlord
             ... wielding a +0 vorpal dire flail
              (10 damage)
             ... on level 2 of the Orcish Mines.
             The game lasted 01:40:08 (26555 turns).

IcyTea the Ripper (Felid Berserker)                Turns: 26555, Time: 01:40:09

Health: -2/82      AC:  3    Str: 17    XL:     14   Next: 52%
Magic:  21/21      EV: 29    Int:  9    God:    Trog [******]
Gold:   1149       SH:  0    Dex: 16    Spells: 13/13 levels left
                                        Lives:  0   Deaths: 4

rFire    + + .     SeeInvis +     - Unarmed
rCold    . . .     Gourm    .   (shield unavailable)
rNeg     . . .     Faith    .   (armour unavailable)
rPois    +         Spirit   .   (helmet unavailable)
rElec    .         Reflect  .   (cloak unavailable)
rCorr    .         Harm     .   (gloves unavailable)
MR       ++...                  (boots unavailable)
Stlth    ++++++....             K - amulet of regeneration
HPRegen  0.63/turn              G - ring of fire
MPRegen  0.17/turn              I - ring of protection from fire

@: quick
A: very small, no armour, no weapons or thrown items, stealth, claws 1, fangs 3,
camouflage 1, see invisible, carnivore, speed 1, poison resistance, robust 1,
shaggy fur 3, slow metabolism 1, MP-powered wands, sharp paws
a: Berserk, Trog's Hand, Brothers in Arms, Renounce Religion


You were on level 2 of the Orcish Mines.
You worshipped Trog.
Trog was exalted by your worship.
You were completely stuffed.

You visited 5 branches of the dungeon, and saw 25 of its levels.
You also visited: Gauntlet and Volcano.

You collected 2293 gold pieces.
You spent 1144 gold pieces at shops.

Inventory:

Jewellery
 b - an uncursed ring of protection from cold
 n - an uncursed ring of protection from magic
 x - a +6 ring of dexterity
 B - an uncursed ring of positive energy
 G - a ring of fire (left paw)
 I - a ring of protection from fire (right paw)
 K - an amulet of regeneration (around neck)
Wands
 l - a wand of acid (9)
 m - a wand of polymorph (10)
 p - a wand of enslavement (9)
 z - a wand of disintegration (42)
 C - a wand of paralysis (7)
 H - a wand of random effects (24)
 M - a wand of clouds (14)
 S - a wand of digging (12)
Scrolls
 c - 7 scrolls of fog
 d - 2 scrolls of blinking
 g - 4 scrolls of magic mapping
 j - 9 scrolls of remove curse
 v - 4 scrolls of immolation
 w - 7 scrolls of teleportation
 D - 2 scrolls of vulnerability
 E - a scroll of silence
 N - 8 scrolls of identify
Potions
 f - 4 potions of heal wounds
 h - 3 potions of magic
 i - 4 potions of lignification
 k - 3 potions of curing
 o - a potion of mutation
 q - a potion of cancellation
 r - a potion of haste
 s - 4 potions of resistance
 t - 5 potions of might
 A - 2 potions of flight
 F - 2 potions of ambrosia
 J - 3 potions of berserk rage
 L - 2 potions of stabbing
Miscellaneous
 O - 2 phantom mirrors
 P - a tin of tremorstones (3/3)
 Q - a box of beasts
 R - a phial of floods
Comestibles
 a - 44 rations


   Skills:
 + Level 16.6 Fighting
 - Level 13.1 Dodging
 - Level 12.0 Stealth
 - Level 20.0 Unarmed Combat
 - Level 9.0 Evocations


You had 13 spell levels left.
You didn't know any spells.
Your spell library contained the following spells:

 Spells                   Type           Power        Failure   Level  Hunger
 Freeze                   Ice            #...         38%         1    ##.....
 Magic Dart               Conj           #...         38%         1    ##.....
 Blink                    Tloc           N/A          52%         2    ###....
 Call Imp                 Summ           #.......     52%         2    ###....
 Poisonous Vapours        Pois/Air       #.....       52%         2    ###....
 Shroud of Golubria       Chrm/Tloc      #.....       52%         2    ###....
 Slow                     Hex            #.......     52%         2    ###....
 Confusing Touch          Hex            #.......     77%         3    ####...
 Conjure Flame            Conj/Fire      #.......     77%         3    ####...
 Frozen Ramparts          Ice            #.....       77%         3    ####...
 Gell's Gravitas          Tloc           #.........   77%         3    ####...
 Ignite Poison            Fire/Tmut/Pois #.......     77%         3    ####...
 Inner Flame              Hex/Fire       #.......     77%         3    ####...
 Lesser Beckoning         Tloc           #.........   77%         3    ####...
 Mephitic Cloud           Conj/Pois/Air  #.......     77%         3    ####...
 Ozocubu's Armour         Chrm/Ice       #.......     77%         3    ####...
 Recall                   Summ/Tloc      N/A          77%         3    ####...
 Teleport Other           Tloc           #.......     77%         3    ####...
 Hailstorm                Conj/Ice       #.......     99%         4    #####..
 Passage of Golubria      Tloc           N/A          99%         4    #####..
 Petrify                  Tmut/Erth      #.......     99%         4    #####..
 Sticky Flame             Conj/Fire      #.......     99%         4    #####..
 Summon Ice Beast         Ice/Summ       #.......     99%         4    #####..
 Summon Lightning Spire   Summ/Air       #.......     99%         4    #####..
 Aura of Abjuration       Summ           #.........   100%        5    ######.
 Metabolic Englaciation   Hex/Ice        #.........   100%        5    ######.
 Silence                  Hex/Air        #.........   100%        5    ######.
 Summon Demon             Summ           #.........   100%        5    ######.
 Summon Forest            Summ/Tloc      #.........   100%        5    ######.
 Summon Mana Viper        Hex/Summ       #.......     100%        5    ######.
 Yara's Violent Unravell  Hex/Tmut       #.........   100%        5    ######.
 Conjure Ball Lightning   Conj/Air       #.........   100%        6    #######
 Shadow Creatures         Summ           N/A          100%        6    #######
 Ignition                 Fire           #.........   100%        8    #######
 Tornado                  Air            #.........   100%        9    #######


Dungeon Overview and Level Annotations

Branches:
Dungeon (15/15)            Temple (1/1) D:4            Lair (6/6) D:11
  Swamp (0/4) Lair:2       Spider (1/4) Lair:4        Slime (0/5) Lair:5
    Orc (2/2) D:12         Vaults (0/5) D:14         Depths (0/5) D:15
Volcano (visited)         Gauntlet (visited)
    Elf: Orc:2

Altars:
Ashenzari
Cheibriados
Dithmenos
Elyvilon
Fedhas
Gozag
Hepliaklqana
Kikubaaqudgha
Makhleb
Nemelex Xobeh
Okawaru
Qazlal
Ru
Sif Muna
Trog
Uskayaw
Vehumet
Wu Jian
Xom
Yredelemnul
Zin
The Shining One
Beogh
Jiyva

Shops:
D:4 %}   D:5 }   D:6 [   D:12 ?

Annotations:
Orc:1 3 runed translucent doors, sfoobar's ghost, journeyman MiBe; tensugalgo's ghost, journeyman VSFi


Innate Abilities, Weirdness & Mutations

You cannot wear armour.
You are incapable of wielding weapons or throwing items.
Your paws allow you to move quietly. (Stealth)
You have sharp claws.
You have razor-sharp teeth.
You have supernaturally acute eyesight. (SInv)
You are carnivorous and can eat meat at any time.
You cover ground quickly.
Your thick and shaggy fur keeps you warm. (AC +3, rC+)
You have a slow metabolism.
Your sharp claws are effective at attacking unaware monsters.
Your skin changes colour to match your surroundings (Stealth+).
Your system is resistant to poisons. (rPois)
You are robust. (+10% HP)
You expend magic power (3 MP) to strengthen your wands.


Message History

There is a stone staircase leading down here.
You climb downwards.
An orc warrior, an orc priest, an orc wizard and an ogre come into view.
The orc wizard is wielding a +0 dagger of flaming.
The orc completely misses you. x2
The orc warlord hits you with a +0 vorpal dire flail!!!
The orc misses you. The orc completely misses you.
An orc comes into view. It is wielding a +0 short sword.
The orc warrior misses you.
The orc shouts!
The orc warrior shouts!
The orc priest shouts!
The orc warrior shouts!
You hear a shout!
The orc shouts!
You hear a shout!
There is a stone staircase leading up, spattered with blood here.
You hear a shout!
You hear two shouts!
You hear a shout! x2
The orc wizard gestures wildly while chanting.
The orc wizard flickers and vanishes for a moment.
The orc completely misses you. The orc closely misses you.
The orc completely misses you.
The orc warlord hits you with a +0 vorpal dire flail!!!
* * * LOW HITPOINT WARNING * * *
You die...

#...## ......
##...#. ..... .
#...... oo..#..
#..... ..... .
.#.....#o.o.$..
..........#....
.....oooo......
#....oo@o.#
###...ooo.#
#.#......#
#..o#ooo.##
#..oOo.##
#...o.oo. #.
o.....
..o..o...#


You could see an orc warlord, an orc sorcerer, 5 orc warriors, an ogre, 3 orc
priests, 5 orc wizards and 11 orcs.

Vanquished Creatures
  Rupert (D:13)
  Azrael (D:13)
  A minotaur (Gauntlet)
  An ogre mage (D:15)
  2 fire dragons (D:15)
  Josephine (Lair:5)
  Harold (D:9)
  Erolcha (D:13)
  7 hydras
  A catoblepas (D:13)
  Erica (D:11)
  4 centaur warriors
  5 death yaks
  2 dancing weapons (D:14)
  7 two-headed ogres
  2 tengu warriors (D:15)
  Sonja (D:13)
  A hell knight (Volcano)
  A salamander mystic (Volcano)
  A skeletal warrior (D:13)
  5 unseen horrors
  A lindwurm (Lair:6)
  2 wolf spider zombies
  A wolf spider (Spider:1)
  A deep elf mage (D:11)
  A shining eye (Gauntlet)
  4 ugly things
  2 oklob plants (Lair:2)
  5 salamanders (Volcano)
  2 manticores
  2 cyclopes
  6 elephants (Lair:2)
  A moth of wrath (Gauntlet)
  Maurice (Orc:1)
  8 black mambas
  2 molten gargoyles (Lair:6)
  2 guardian serpents (shapeshifter) (D:11)
  5 centaur zombies
  2 gargoyles
  2 redback zombies (D:7)
  8 spiny frogs
  2 torpor snails
  7 centaur skeletons
  A freezing wraith (D:11)
  2 kobold demonologists
  10 komodo dragons
  An efreet (D:13)
  4 rime drakes
  2 hellwings (D:7)
  2 jumping spiders (Spider:1)
  A polar bear (Lair:6)
  A queen bee (Gauntlet)
  A wolf spider simulacrum (D:14)
  7 trolls
  23 blink frogs
  Grinder (D:3)
  3 slime creatures (D:14)
  3 dream sheep
  11 hippogriffs
  7 redbacks
  Sigmund (D:4)
  8 wraiths
  A shadow (D:13)
  A tarantella (Spider:1)
  41 yaks
  3 vampires
  3 water elementals (D:15)
  Eustachio (D:5)
  2 fire elementals
  A golden eye (Gauntlet)
  3 steam dragons
  4 basilisks
  4 wyverns (Lair:6)
  4 hungry ghosts
  Menkaure (D:5)
  2 swamp worms (Lair:3)
  Edmund (D:6)
  An acid dragon (D:13)
  A soldier ant (D:11)
  5 insubstantial wisps (Lair:2)
  Duvessa (D:4)
  A floating eye (Gauntlet)
  13 hell hounds
  10 water moccasins
  7 porcupines
  An eye of draining (D:11)
  8 orc warriors
  A hornet zombie (D:14)
  5 necrophages
  A phantom (D:10)
  4 ice beasts
  9 ogres
  3 sky beasts
  15 wolves
  16 centaurs
  10 crocodiles
  6 big kobolds
  27 bullfrogs
  Blork the orc (D:4)
  A gnoll sergeant (D:11)
  A wyvern skeleton (D:7)
  10 scorpions
  Dowan (D:4)
  31 killer bees
  5 electric eels
  5 wights (D:11)
  10 howler monkeys
  3 lava snakes (Lair:6)
  A quasit (D:9)
  7 crimson imps
  2 bullfrog zombies
  2 jellies
  5 bullfrog skeletons
  A gnoll shaman (D:10)
  8 orc priests
  7 hounds
  8 iguanas
  15 orc wizards
  13 worker ants
  2 hound zombies
  A howler monkey zombie (D:5)
  Robin (D:3)
  22 gnolls
  A worker ant zombie (D:11)
  16 adders
  8 shadow imps
  3 oozes
  3 adder skeletons
  2 dart slugs (D:1)
  4 worms
  11 leopard geckos
  61 orcs
  9 bats
  10 giant cockroaches
  2 gnoll zombies (D:3)
  12 hobgoblins
  4 jackals
  6 kobolds
  4 quokkas
  A ball python (D:3)
  5 frilled lizards
  17 goblins
  3 leopard gecko skeletons
  A quokka skeleton (D:10)
  A quokka zombie (D:6)
  13 rats
  11 plants
791 creatures vanquished.

Vanquished Creatures (collateral kills)
  A fire dragon (Lair:6)
  2 hydras (Lair:2)
  Urug (Lair:2)
  2 skeletal warriors (D:13)
  A centaur skeleton (D:13)
  A blink frog (Lair:2)
  3 slime creatures (D:13)
  A vampire (D:12)
  An orc warrior (D:9)
  A water moccasin (Lair:2)
  A phantom (D:12)
  2 big kobolds (D:12)
  2 killer bees (D:7)
  An orc priest (D:9)
  A bullfrog skeleton (D:12)
  A shadow imp (D:7)
  3 kobolds (D:12)
25 creatures vanquished.

Vanquished Creatures (others)
  A yak (Lair:6)
  An adder (D:11)
  19 plants
  A withered plant (Orc:1)
22 creatures vanquished.

Grand Total: 838 creatures vanquished

Notes
Turn   | Place    | Note
-------+----------+-------------------------------------------
     0 | D:1      | IcyTea the Felid Berserker began the quest for the Orb.
     0 | D:1      | Reached XP level 1. HP: 10/10 MP: 2/2
   103 | D:1      | Reached XP level 2. HP: 14/14 MP: 3/3
   463 | D:1      | Reached skill level 4 in Unarmed Combat
   823 | D:1      | Reached XP level 3. HP: 17/17 MP: 4/4
  1219 | D:2      | Reached XP level 4. HP: 6/21 MP: 5/5
  1313 | D:2      | Reached skill level 5 in Unarmed Combat
  1692 | D:2      | Reached ** piety under Trog
  1814 | D:2      | Reached XP level 5. HP: 24/24 MP: 6/6
  1908 | D:2      | Found a hazy altar of Hepliaklqana.
  2485 | D:3      | Noticed Robin
  2491 | D:3      | Reached skill level 6 in Unarmed Combat
  2627 | D:2      | Slain by a goblin
  2628 | D:2      | Reached XP level 4. HP: -2/21 MP: 5/5
  2669 | D:3      | Killed Robin
  2693 | D:3      | Noticed Grinder
  2711 | D:3      | Paralysed by Grinder for 6 turns
  2719 | D:3      | Gained mutation: Your skin changes colour to match your
                  | surroundings (Stealth+). [potion of mutation]
  2719 | D:3      | Gained mutation: You are agile. (Dex +2) [potion of
                  | mutation]
  2738 | D:3      | Paralysed by Grinder for 7 turns
  2752 | D:3      | Paralysed by Grinder for 5 turns
  2762 | D:3      | Killed Grinder
  2762 | D:3      | Reached XP level 5. HP: 8/24 MP: 6/6
  2762 | D:3      | Gained mutation: You are covered in thick fur. (AC +2)
                  | [Felid growth]
  2762 | D:3      | Reached XP level 6. HP: 9/28 MP: 7/7
  2968 | D:3      | Reached skill level 1 in Stealth
  3014 | D:3      | Found a shadowy altar of Dithmenos.
  3180 | D:3      | Found a basalt altar of Yredelemnul.
  3594 | D:4      | Reached *** piety under Trog
  3679 | D:4      | Noticed Sigmund
  3723 | D:4      | Killed Sigmund
  3723 | D:4      | Reached skill level 7 in Unarmed Combat
  3723 | D:4      | Reached XP level 7. HP: 31/31 MP: 8/8
  3772 | D:4      | You fall into a shaft and drop 3 floors!
  3779 | D:7      | Found a bloodstained altar of Trog.
  3780 | D:7      | Found an ornate altar of the Wu Jian Council.
  3780 | D:7      | Noticed a hippogriff
  3793 | D:7      | Killed a hippogriff
  3793 | D:7      | Reached skill level 8 in Unarmed Combat
  3856 | D:7      | Noticed a hellwing
  3865 | D:7      | Killed a hellwing
  3865 | D:7      | Reached skill level 9 in Unarmed Combat
  3865 | D:7      | Reached XP level 8. HP: 32/34 MP: 9/9
  3938 | D:5      | Entered Level 5 of the Dungeon
  4094 | D:4      | Found a staircase to the Ecumenical Temple.
  4136 | Temple   | Entered the Ecumenical Temple
  4263 | D:4      | Noticed Blork the orc
  4272 | D:4      | Killed Blork the orc
  4441 | D:4      | Found Limp's Food Emporium.
  4558 | D:4      | Found Tocothro's Gadget Boutique.
  4639 | D:4      | Noticed Duvessa
  4639 | D:4      | Noticed Dowan
  4641 | D:4      | Killed Dowan
  4661 | D:4      | Killed Duvessa
  4896 | D:5      | Noticed Menkaure
  4904 | D:5      | Killed Menkaure
  4904 | D:5      | Reached skill level 5 in Fighting
  5102 | D:5      | Found Jajidwam's Gadget Shoppe.
  5134 | D:5      | Reached XP level 9. HP: 34/41 MP: 10/10
  5272 | D:5      | Reached skill level 10 in Unarmed Combat
  5383 | D:5      | Noticed Eustachio
  5390 | D:5      | Killed Eustachio
  5965 | D:6      | Noticed Edmund
  5976 | D:6      | Killed Edmund
  5976 | D:6      | Reached **** piety under Trog
  6128 | D:6      | Reached skill level 11 in Unarmed Combat
  6260 | D:6      | Found a shattered altar of Ashenzari.
  6510 | D:6      | Found Miydus's Antique Armour Emporium.
  6769 | D:6      | Reached skill level 12 in Unarmed Combat
  7155 | D:7      | Reached XP level 10. HP: 28/44 MP: 11/11
  7201 | D:7      | Slain by a redback zombie
  7202 | D:7      | Reached XP level 9. HP: -2/60 MP: 10/10
  7209 | D:7      | Reached skill level 13 in Unarmed Combat
  7532 | D:7      | Reached skill level 5 in Stealth
  7532 | D:7      | Reached XP level 10. HP: 45/45 MP: 11/11
  8535 | D:8      | Found a shimmering altar of Xom.
  8535 | D:8      | Found a shimmering altar of Xom.
  8535 | D:8      | Found a shimmering altar of Xom.
  8535 | D:8      | Found a shimmering altar of Xom.
  8535 | D:8      | Found a shimmering altar of Xom.
  8535 | D:8      | Found a shimmering altar of Xom.
  8535 | D:8      | Found a shimmering altar of Xom.
  8535 | D:8      | Found a shimmering altar of Xom.
  8791 | D:8      | Found a sacrificial altar of Ru.
  8883 | D:8      | Reached ***** piety under Trog
  9412 | D:9      | Noticed a two-headed ogre
  9425 | D:9      | Killed a two-headed ogre
  9425 | D:9      | Reached skill level 10 in Dodging
  9432 | D:9      | Reached skill level 1 in Evocations
  9432 | D:9      | Reached XP level 11. HP: 51/51 MP: 11/13
  9955 | D:9      | Noticed Harold
  9978 | D:9      | Killed Harold
 10222 | D:10     | Entered Level 10 of the Dungeon
 10462 | D:10     | Reached skill level 14 in Unarmed Combat
 11090 | D:10     | Noticed a two-headed ogre
 11098 | D:10     | Killed a two-headed ogre
 11143 | D:10     | Noticed an unseen horror
 11158 | D:10     | Killed an unseen horror
 11607 | D:11     | Reached skill level 15 in Unarmed Combat
 11838 | D:11     | Noticed a deep elf mage
 11848 | D:11     | Killed a deep elf mage
 11863 | D:11     | Reached skill level 10 in Stealth
 11863 | D:11     | Gained mutation: Your thick and shaggy fur keeps you warm.
                  | (AC +3, rC+) [Felid growth]
 11863 | D:11     | Reached XP level 12. HP: 47/55 MP: 15/15
 12073 | D:11     | Noticed Erica
 12087 | D:11     | Killed Erica
 12105 | D:11     | Found a staircase to the Lair.
 12323 | D:11     | Found an iron altar of Okawaru.
 12328 | D:11     | Found a blossoming altar of Fedhas.
 12328 | D:11     | Found an opulent altar of Gozag.
 12328 | D:11     | Found a sacrificial altar of Ru.
 12477 | D:4      | Bought a wand of clouds (8) for 468 gold pieces
 12825 | D:11     | Noticed a three-headed hydra
 12829 | D:11     | Killed a three-headed hydra
 12943 | D:11     | Reached skill level 10 in Fighting
 13021 | D:11     | Noticed a centaur warrior
 13613 | D:11     | Killed a centaur warrior
 13613 | D:11     | Reached skill level 5 in Evocations
 13946 | D:12     | Found a staircase to the Orcish Mines.
 13956 | D:12     | Reached ****** piety under Trog
 13977 | D:12     | Found a roughly hewn altar of Beogh.
 14054 | D:12     | Found Ifytruk's Magic Scroll Emporium.
 14161 | D:12     | Found a gate leading to a gauntlet.
 14170 | Gauntlet | Entered a Gauntlet
 14170 | Gauntlet | Found a runed translucent door.
 14170 | Gauntlet | Found a transporter.
 14170 | Gauntlet | Found a runed translucent door.
 14170 | Gauntlet | Found a runed translucent gate.
 14170 | Gauntlet | Found a transporter.
 14170 | Gauntlet | Found a runed translucent gate.
 14171 | Gauntlet | Found a runed translucent gate.
 14172 | Gauntlet | Found a transporter.
 14172 | Gauntlet | Found a transporter.
 14175 | Gauntlet | Found a transporter.
 14216 | Gauntlet | Found a transporter.
 14217 | Gauntlet | Found a transporter.
 14217 | Gauntlet | Found a transporter.
 14230 | Gauntlet | Found a transporter.
 14244 | Gauntlet | Found the +2 hat of the Bear Spirit {Spirit, +Rage rN+
                  | MR++}
 14245 | Gauntlet | Found a transporter.
 14255 | Gauntlet | Found a transporter.
 14273 | Gauntlet | Found a transporter.
 14290 | Gauntlet | Found a transporter.
 14302 | Gauntlet | Found a transporter.
 14345 | Gauntlet | Reached XP level 13. HP: 63/63 MP: 18/18
 14405 | Gauntlet | Gained mutation: Your flesh is cold resistant. (rC+) [a
                  | shining eye]
 14406 | Gauntlet | Paralysed by a floating eye for 3 turns
 14407 | Gauntlet | Gained mutation: You are weak. (Str -2) [a shining eye]
 14429 | Gauntlet | Lost mutation: Your flesh is cold resistant. (rC+) [potion
                  | of mutation]
 14429 | Gauntlet | Lost mutation: You are agile. (Dex +2) [potion of mutation]
 14429 | Gauntlet | Lost mutation: You are weak. (Str -2) [potion of mutation]
 14429 | Gauntlet | Gained mutation: You expend magic power (3 MP) to
                  | strengthen your wands. [potion of mutation]
 14429 | Gauntlet | Gained mutation: You are robust. (+10% HP) [potion of
                  | mutation]
 14429 | Gauntlet | Gained mutation: Your system is resistant to poisons.
                  | (rPois) [potion of mutation]
 14608 | Gauntlet | Noticed a minotaur
 14618 | Gauntlet | Killed a minotaur
 14633 | Gauntlet | Got a smoking ring mail
 14636 | Gauntlet | Found the +1 cloak of Starlight {rElec rC+ EV+4 Stlth--}
 15579 | D:12     | Reached skill level 16 in Unarmed Combat
 15752 | D:13     | Noticed Erolcha
 15757 | D:13     | Killed Erolcha
 15856 | D:13     | Noticed Sonja
 15874 | D:13     | Killed Sonja
 16128 | D:13     | Noticed Rupert
 16139 | D:13     | Killed Rupert
 16420 | D:13     | Slain by a skeletal warrior
 16421 | D:13     | Reached XP level 12. HP: -1/100 MP: 17/17
 16552 | D:13     | Noticed Azrael
 16694 | Lair:1   | Entered Level 1 of the Lair of Beasts
 16989 | Lair:1   | Reached XP level 13. HP: 55/70 MP: 19/19
 17628 | Lair:2   | Found a staircase to the Swamp.
 17833 | Lair:2   | Noticed Urug
 17854 | Lair:2   | Killed Urug
 19204 | Lair:3   | Identified a scroll of acquirement
 19205 | Lair:3   | Acquired a manual of Unarmed Combat
 19314 | Lair:3   | Reached skill level 17 in Unarmed Combat
 20226 | Lair:4   | Found a hole to the Spider Nest.
 20444 | D:12     | Bought a scroll of acquirement for 676 gold pieces
 20445 | D:12     | Acquired a manual of Fighting
 20654 | Lair:4   | Reached skill level 18 in Unarmed Combat
 21104 | Lair:5   | Noticed Josephine
 21128 | Lair:5   | Killed Josephine
 21446 | Lair:5   | Found a viscous altar of Jiyva.
 21446 | Lair:5   | Found a staircase to the Slime Pits.
 21450 | Lair:5   | Reached XP level 14. HP: 75/75 MP: 20/20
 21551 | Lair:6   | Entered Level 6 of the Lair of Beasts
 21921 | Lair:6   | Found a large runed translucent door.
 21924 | Lair:6   | Found a large runed translucent door.
 21990 | Lair:6   | Reached skill level 19 in Unarmed Combat
 22427 | Lair:6   | Found an iron altar of Okawaru.
 23329 | Spider:1 | Entered Level 1 of the Spider Nest
 23437 | Spider:1 | HP: 3/79 [wolf spider (6)]
 23437 | Spider:1 | Slain by a wolf spider
 23438 | Spider:1 | Reached XP level 13. HP: 0/73 MP: 20/20
 23747 | D:13     | Killed Azrael
 24168 | D:14     | Found a gate to the Vaults.
 24316 | D:14     | Identified the Guide on Burning Lightness
 24747 | D:15     | Entered Level 15 of the Dungeon
 24769 | D:15     | Reached XP level 14. HP: 79/79 MP: 21/21
 24815 | D:15     | Reached skill level 20 in Unarmed Combat
 24873 | D:15     | Found a staircase to the Depths.
 24962 | D:15     | Reached skill level 15 in Fighting
 24993 | D:15     | Found a sparkling altar of Nemelex Xobeh.
 25712 | Orc:1    | Entered Level 1 of the Orcish Mines
 25773 | Orc:1    | Found a dark tunnel.
 25790 | Volcano  | Entered a volcano
 26160 | Orc:1    | Noticed Maurice
 26172 | Orc:1    | Found a roughly hewn altar of Beogh.
 26179 | Orc:1    | Killed Maurice
 26503 | Orc:1    | Found a runed translucent gate.
 26503 | Orc:1    | Found a runed translucent gate.
 26503 | Orc:1    | Found a runed translucent gate.
 26512 | Orc:1    | Noticed sfoobar's ghost (journeyman MiBe)
 26512 | Orc:1    | Noticed tensugalgo's ghost (journeyman VSFi)
 26535 | Orc:2    | Entered Level 2 of the Orcish Mines
 26535 | Orc:2    | Noticed an orc warlord
 26555 | Orc:2    | Slain by an orc warlord

Illustrated notes

Levels and vault maps discovered:
D:1:      heliophobic_arrival_glass_houses, layout_loops_ring,
          serial_bayou_ford_a
D:2:      layout_loops_ring, lemuel_doored_altar, first_ration
D:3:      layout_rooms, lemuel_zombie_altar_yredelemnul,
          nicolae_dithmenos_shadow_blocks, uniq_grinder, uniq_robin
D:4:      layout_basic, minmay_temple_entry_statues_fountains, serial_shops,
          nicolae_shop_statue_plus, shop_statue, uniq_sigmund, uniq_duvessa,
          uniq_blork_the_orc
D:5:      layout_basic, serial_shops, shop, chequers_serial_rivers_micro_b,
          uniq_eustachio, uniq_menkaure
D:6:      layout_loops_cross, basic_altar, serial_shops, nicolae_shop_stone,
          minmay_increasing_density, uniq_edmund
D:7:      cheibrodos_grave_circle, layout_rooms, lemuel_crystal_altar,
          kennysheep_mini_moat
D:8:      wad_river_or_something, layout_loops_ring, xom_shifter_show,
          nicolae_ru_awakened_eye
D:9:      layout_basic, uniq_harold
D:10:     layout_long_grid
D:11:     minmay_the_grid_octo_tiled_octocenter [minmay_the_grid_octo_checkered,
          minmay_the_grid_octo_shrine, minmay_the_grid_octo_vomiting_pacman,
          minmay_the_grid_octo_tetromino_candy, minmay_the_grid_octo_prize_star,
          minmay_the_grid_square_5x5_n_small,
          minmay_the_grid_square_5x5_minivault,
          minmay_the_grid_square_5x5_two_small,
          minmay_the_grid_square_5x5_bridge], layout_stronghold,
          david_lair_shrubbed, hangedman_ranch [blue_anna_fruit_fields],
          uniq_erica
D:12:     layout_layer_cave, minmay_orc_entry_temple_small,
          gauntlet_entry_generic, serial_shops, shop, eino_curves_04
D:13:     layout_big_octagon, minmay_lizard_king, uniq_azrael, uniq_sonja,
          uniq_rupert, uniq_erolcha
D:14:     layout_basic, erik_vaults_1, nicolae_wwwww, kennysheep_small_circle
D:15:     grunt_enter_depths_hoard, layout_irregular_city, basic_altar,
          minmay_misc_feat_columns, serial_bayou_lagoon_b
Temple:   compressed_dpeg_circular_temple
Lair:1:   layout_chaotic_city, st_stairs_8, serial_bayou_shore_a,
          grunt_megastairs_1
Lair:2:   layout_chaotic_city, minmay_swamp_entry_wisps, wad_woods_river_01,
          minmay_lair_oklob_chamber, uniq_urug
Lair:3:   layout_misc_corridors, worms_lemuel
Lair:4:   layout_small_grid, spider_nest_entry_webs, st_stairs_9,
          infiniplex_staircase_pool_2, lemuel_fruit_tree
Lair:5:   layout_misc_corridors, slime_altar_1, uniq_josephine
Lair:6:   cheibrodos_lair_end_hotspot, layout_gridlike, basic_altar
Spider:1: layout_spider_delve, drop_trap, uniq_nikola, uniq_louise
Orc:1:    layout_diamond_mine, enter_volcano_3, basic_altar,
          gammafunk_ghost_cemetery, uniq_maurice
Orc:2:    st_orc_open, layout_caves, basic_altar

Skill      XL: |  1  2  3  4  5  6  7  8  9 10 11 12 13 14 |
---------------+-------------------------------------------+-----
Unarmed Combat | 4 5 6 7 9 13 15 18 20 | 20.0
Dodging        | 6 9 10 11 13 | 13.1
Stealth        | 2 4 5 8 10 12 | 12.0
Fighting       | 6 8 12 16 | 16.6
Evocations     | 1 3 7 9 8 |  9.0

Action                   |  1- 3 |  4- 6 |  7- 9 | 10-12 | 13-15 || total
-------------------------+-------+-------+-------+-------+-------++-------
Melee: Unarmed           |    76 |   191 |   298 |   703 |  1132 ||  2400
       Bite              |     9 |    14 |    35 |   126 |   183 ||   367
       Punch             |     3 |     1 |     9 |    71 |   124 ||   208
Invok: Berserk           |     1 |     4 |    10 |    14 |    15 ||    44
       Trog's Hand       |       |     6 |     4 |     9 |    14 ||    33
       Brothers in Arms  |       |       |       |     4 |     5 ||     9
Evoke: Phial of floods   |       |       |       |       |     1 ||     1
       Wand              |       |       |       |       |    10 ||    10
  Use: Scroll            |       |     6 |     1 |    13 |    11 ||    31
       Potion            |       |     3 |       |     1 |     5 ||     9
 Stab: Sleeping          |     3 |     8 |    14 |    54 |    39 ||   118
       Distracted        |       |       |     2 |     4 |     6 ||    12
       Paralysed         |       |       |       |       |     1 ||     1
  Eat: Chunk             |     8 |    16 |    16 |    44 |    55 ||   139
Armor: Skin              |     2 |    20 |     7 |    21 |    36 ||    86
Dodge: Dodged            |    51 |   190 |   226 |   723 |  1067 ||  2257
